 Dungeon Crawl Stone Soup version 0.30.1-11-g7821555f0a (webtiles) character file.

Game seed: 4396345076672890009

106 monsoonserge the Shooter (level 4, -2/23 HPs)
             Began as a Spriggan Hunter on Nov 2, 2023.
             Slain by Ijyb
             ... wielding a +0 club
              (5 damage)
             ... on level 3 of the Dungeon.
             The game lasted 00:04:02 (1706 turns).

monsoonserge the Shooter (Spriggan Hunter)          Turns: 1706, Time: 00:04:02

Health: -2/23      AC:  2    Str:  7    XL:     4   Next: 55%
Magic:  5/5        EV: 18    Int: 10    God:
Gold:   88         SH:  0    Dex: 20    Spells: 3/3 levels left

rFire   . . .        a - +0 shortbow
rCold   . . .        (shield currently unavailable)
rNeg    . . .        c - +0 robe
rPois   .            l - +0 hat
rElec   .            (no cloak)
rCorr   .            (gloves unavailable)
SInv    +            (boots unavailable)
Will    .....        (no amulet)
Stlth   ++           j - ring of wizardry
HPRegen 0.23/turn    (no ring)
MPRegen 0.09/turn

%: wizardry (x1)
@: very quick
A: very small, no large weapons, unfitting armour, see invisible, speed 3
a: no special abilities


You were on level 3 of the Dungeon.
You visited 1 branch of the dungeon, and saw 3 of its levels.

You collected 88 gold pieces.

Inventory:

Hand Weapons
 a - a +0 shortbow (weapon)
 g - a +0 sling
Missiles
 n - 4 poisoned darts
Armour
 c - a +0 robe (worn)
 l - a +0 hat (worn)
Jewellery
 j - a ring of wizardry (left hand)
Wands
 p - a wand of iceblast (13)
Scrolls
 b - a scroll of immolation
 d - 3 scrolls of teleportation {unknown}
 f - 3 scrolls of identify {unknown}
 i - a scroll of enchant armour {unknown}
 m - 2 scrolls of enchant weapon {unknown}
Potions
 e - a potion of haste {unknown}
 h - a potion of cancellation {unknown}
 k - a potion of curing
 o - a potion of lignification {unknown}
 q - a potion of resistance {unknown}


   Skills:
 + Level 2.1 Fighting
 + Level 5.7 Ranged Weapons
 + Level 2.9 Dodging
 + Level 1.5 Stealth


You had 3 spell levels left.
You didn't know any spells.
Your spell library was empty.

Dungeon Overview and Level Annotations

Branches:
Dungeon (3/15)

Altars:

Shops:
D:3 [

Annotations:
D:3 Ijyb


Innate Abilities, Weirdness & Mutations

You are very small and have problems with some larger weapons.
You are too small for most types of armour.
You have supernaturally acute eyesight. (SInv)
You cover ground extremely quickly. (Speed+++)


Message History

The orc hits you with a +0 dagger.
* * * LOW HITPOINT WARNING * * *
Fire: a) +0 shortbow
Press: ? - help, Q - select action, (/) - cycle Shift-Dir - straight line, f/p - frilled lizard
Aim: a frilled lizard (50% to hit)
You shoot an arrow. The arrow hits the frilled lizard!
You kill the frilled lizard!
The dart slug launches a dart at you. The slug dart misses you.
The orc barely misses you.
A hound comes into view.
Fire: a) +0 shortbow
Press: ? - help, Q - select action, (/) - cycle Shift-Dir - straight line, f - dart slug
Aim: a dart slug (94% to hit)
You shoot an arrow. The hound barks!
The arrow hits the dart slug!
The dart slug is almost dead.
You hear a shout!
Fire: a) +0 shortbow
Press: ? - help, Q - select action, (/) - cycle Shift-Dir - straight line, f/p - dart slug
Aim: a dart slug (almost dead, 94% to hit)
Okay, then.
An adder and a kobold come into view.
The adder moves out of view.
Fire: a) +0 shortbow
Press: ? - help, Q - select action, (/) - cycle Shift-Dir - straight line, f/p - dart slug
Aim: a dart slug (almost dead, 94% to hit)
You shoot an arrow.
The arrow hits the dart slug but does no damage.
The dart slug is almost dead.
The orc misses you. The hound completely misses you.
You shoot an arrow.
The arrow hits the dart slug but does no damage.
The dart slug is almost dead.
The hound bites you.
* * * LOW HITPOINT WARNING * * *
The orc hits you with a +0 dagger.
* * * LOW HITPOINT WARNING * * *
Ijyb hits you with a +0 club.
You die...

... ... .... ###### .....
#...... .....#######
#####.#... ...........
#.......#
......w.g#####.......#
...K..h@oo.)..)......#
.##..#########.......# #.
#∩.∩.....# #...##†#.#
#∩.∩##.#.###
..#...###..####.###...#..
....>...........# ##..#.#
...............## ##.o..
................# #####


You could see Ijyb, a hound, a dart slug, 2 orcs and a kobold.

Vanquished Creatures
  3 adders
  A dart slug (D:1)
  2 orcs (D:3)
  10 bats
  10 endoplasms
  A giant cockroach (D:2)
  10 goblins
  6 hobgoblins
  2 jackals (D:2)
  7 kobolds
  A quokka (D:1)
  3 ball pythons
  5 frilled lizards
  7 rats
68 creatures vanquished.

Notes
Turn   | Place    | Note
-------+----------+-------------------------------------------
     0 | D:1      | monsoonserge the Spriggan Hunter began the quest for the
                  | Orb.
     0 | D:1      | Reached XP level 1. HP: 10/10 MP: 2/2
    84 | D:1      | Reached XP level 2. HP: 14/14 MP: 3/3
   360 | D:1      | Reached XP level 3. HP: 18/18 MP: 4/4
   463 | D:1      | Reached skill level 5 in Ranged Weapons
  1271 | D:3      | Reached XP level 4. HP: 23/23 MP: 5/5
  1392 | D:3      | Noticed Ijyb
  1676 | D:3      | Found Fampih's Armour Shop.
  1706 | D:3      | Slain by Ijyb

Illustrated notes

Levels and vault maps discovered:
D:1:      wander_arrival_chamber, layout_loops_ring, minmay_misc_feat_cross,
          chequers_serial_rivers_micro_e, minmay_tromino_mix6
D:2:      layout_rooms
D:3:      layout_rooms, grunt_qazlal_sundering, okawaru_metal_pillars_3,
          general_overflow_altar, serial_shops,
          nicolae_shop_competitors_out_of_business, minivault_27, uniq_grinder,
          uniq_ijyb

Skill      XL: |  1  2  3 |
---------------+----------+-----
Ranged Weapons | 5 |  5.7
Fighting       | 2 |  2.1
Dodging        | |  2.9
Stealth        | |  1.5

Action                     |  1- 3 |  4- 6 || total
---------------------------+-------+-------++-------
   Fire: Shortbow          |   111 |    76 ||   187
 Armour: Robe              |     5 |    10 ||    15
  Dodge: Dodged            |    26 |    45 ||    71
